Map: 16-Bit LE

Players

Seeeth - Winner!

  • Race: Zerg Zerg
  • League: Diamond
  • Spawn Location: 7:00

learytheory

  • Race: Protoss Protoss
  • League: Diamond
  • Spawn Location: 1:00

VOD

Have the link to the VOD?

Description

Time

  • Played on: May 27, 2018, 1:33 p.m.
  • Length: 8:34
Show
View Real Time Build Order
Export as new Build Order

Seeeth Zerg - Winner!

Build Orders: Hatch First 

Get SALT Encoding   

  12  0:00  Drone  
  13  0:13  Overlord  
  13  0:18  Drone  
  14  0:31  Drone x2  
  14  0:35  Drone  
  17  0:54  Hatchery  
  17  0:57  Drone  
  17  1:00  Drone  
  18  1:10  Extractor  
  17  1:16  Spawning Pool  
  16  1:19  Drone  
  16  1:22  Drone  
  18  1:28  Drone  
  19  1:39  Overlord  
  19  1:50  Drone  
  20  2:02  Queen  
  20  2:03  Zergling x2  
  20  2:05  Queen  
  20  2:06  Zergling x2  
  26  2:13  Metabolic Boost  
  26  2:16  Drone  
  26  2:19  Drone  
  28  2:23  Drone  
  28  2:27  Drone  
  30  2:33  Drone  
  31  2:44  Hatchery  
  31  2:49  Drone  
  31  2:52  Overlord  
  31  2:59  Drone x2  
  31  3:02  Drone  
  34  3:07  Drone  
  35  3:13  Baneling Nest, Drone  
  35  3:14  Drone  
  35  3:15  Drone  
  35  3:17  Drone  
  38  3:23  Drone x2  
  41  3:27  Drone  
  41  3:28  Overlord  
  41  3:36  Zergling x4  
  43  3:41  Zergling x2  
  43  3:48  Zergling x2  
  45  3:50  Zergling x2  
  46  3:55  Lair  
  46  3:57  Zergling x14  
  53  4:12  Overlord, Queen  
  53  4:16  Drone, Extractor  
  55  4:17  Drone x3  
  58  4:30  Queen  
  58  4:31  Overlord x2  
  60  4:32  Zergling x8  
  60  4:34  Zergling x2  
  60  4:35  Zergling x2  
  66  4:45  Spore Crawler  
  65  4:46  Spore Crawler  
  65  4:48  Drone  
  65  4:49  Drone  
  66  5:04  Zergling x24  
  77  5:10  Queen  
  77  5:13  Queen  
  81  5:22  Overlord, Hydralisk Den  
  81  5:27  Roach Warren  
  80  5:29  Hydralisk Den  
  80  5:33  Drone  
  80  5:34  Drone  
  80  5:35  Overlord x2  
  81  5:46  Drone x3  
  81  5:47  Drone x5  
  89  5:51  Extractor x2  
  86  6:06  Overlord  
  86  6:07  Drone  
  86  6:08  Drone x3  
  86  6:09  Drone x2  
  86  6:10  Drone x6  
  87  6:26  Roach x7  
  87  6:28  Queen  
  100  6:33  Roach  
  100  6:34  Roach  
  100  6:39  Roach x2  
  104  6:46  Drone  
  104  6:47  Roach  
  101  6:52  Hydralisk  
  103  6:55  Roach x3  
  103  6:58  Roach  
  109  7:05  Roach x2  
  109  7:06  Overlord  
  113  7:14  Overlord  
  113  7:15  Overlord x2  
  112  7:22  Drone  
  103  7:49  Roach  
  103  7:50  Roach x7  
  108  7:55  Drone x4  
  108  7:57  Queen  
  110  8:12  Zergling x8  
Show
View Real Time Build Order
Export as new Build Order

learytheory Protoss 

Build Orders: Nexus First 

Get SALT Encoding   

  12  0:39  Nexus  
  12  0:49  Pylon  
  12  0:53  Probe  
  13  1:05  Probe  
  14  1:14  Gateway  
  14  1:24  Assimilator  
  14  1:25  Probe  
  15  1:33  Probe  
  16  1:41  Probe  
  17  1:49  Gateway  
  17  1:51  Probe  
  17  1:52  Probe  
  18  1:59  Probe  
  20  2:16  Cybernetics Core  
  20  2:18  Zealot  
  20  2:20  Probe  
  20  2:21  Probe  
  24  2:30  Probe  
  24  2:34  Pylon  
  25  2:39  Probe  
  25  2:44  Assimilator  
  26  2:46  Warp Gate  
  26  2:47  Probe  
  27  2:58  Probe  
  27  3:00  Adept x2  
  27  3:05  Probe  
  33  3:07  Probe  
  34  3:17  Probe  
  34  3:18  Pylon  
  35  3:20  Probe  
  36  3:28  Probe  
  36  3:29  Probe  
  38  3:39  Twilight Council  
  39  3:41  Probe  
  39  3:42  Robotics Facility  
  39  3:43  Probe  
  40  3:53  Probe  
  41  3:57  Zealot  
  41  3:58  Zealot  
  41  4:01  Probe  
  46  4:05  Probe  
  45  4:17  Charge  
  45  4:24  Gateway  
  45  4:25  Gateway  
  45  4:26  Gateway  
  45  4:34  Warp Prism  
  45  4:35  Gateway  
  47  4:51  Gateway  
  47  4:53  Gateway  
  47  5:02  Zealot  
  47  5:03  Zealot  
  47  5:07  Gateway  
  49  5:08  Gateway  
  49  5:25  Pylon  
  49  5:26  Pylon  
  49  5:28  Pylon  
  49  5:29  Pylon  
  49  5:38  Zealot x2  
  53  5:55  Zealot x4  
  61  6:02  Zealot x2  
  57  6:24  Zealot x2  
  57  6:25  Zealot x6  
  41  6:47  Zealot  
  41  6:48  Zealot x7  
  49  7:12  Zealot x3  
  49  7:13  Zealot x5  
  57  7:33  Zealot x5  
  57  7:34  Sentry  
  57  7:35  Zealot x2  
  55  7:54  Zealot  
  55  7:55  Zealot x6  
  55  7:58  Zealot  
  55  8:07  Zealot  
  51  8:19  Nexus  
Tags
 
Add a new tag
Caveats
  • Supply blocks, unpowered buildings, or Contaminate may cause inaccurate times.
  • Supply counts are checked every 10 seconds.